 Dungeon Crawl Stone Soup version 0.31-a0-145-g046c7d2549 (webtiles) character file.

Game seed: 6349012707813138041

28 Irreverend the Poker (level 3, 28/28 HPs)
             Began as a Demonspawn Gladiator on June 5, 2023.
             Quit the game on level 2 of the Dungeon on June 6, 2023.
             The game lasted 00:01:57 (817 turns).

Irreverend the Poker (Demonspawn Gladiator)          Turns: 817, Time: 00:01:58

Health: 28/28      AC:  3    Str: 14    XL:     3   Next: 0%
Magic:  3/3        EV: 12    Int:  9    God:
Gold:   80         SH:  0    Dex: 16    Spells: 2/2 levels left

rFire   . . .        a - +0 trident
rCold   . . .        (no shield)
rNeg    . . .        b - +0 leather armour
rPois   .            (helmet restricted)
rElec   .            (no cloak)
rCorr   .            (no gloves)
SInv    .            (no boots)
Will    .....        (no amulet)
Stlth   +            (no ring)
HPRegen 0.24/turn    (no ring)
MPRegen 0.08/turn

%: no passive effects
@: no status effects
A: antennae 2
a: no special abilities


You were on level 2 of the Dungeon.
You visited 1 branch of the dungeon, and saw 2 of its levels.

You collected 80 gold pieces.

Inventory:

Hand Weapons
 a - a +0 trident (weapon)
Missiles
 d - 3 throwing nets (quivered)
 e - a javelin
Armour
 b - a +0 leather armour (worn)
 c - a +0 helmet
Scrolls
 f - 3 scrolls of identify {unknown}
 g - a scroll of magic mapping {unknown}
 h - a scroll of enchant weapon {unknown}
 j - a scroll of blinking {unknown}
 l - a scroll of teleportation {unknown}
 m - a scroll of immolation {unknown}
Potions
 i - a potion of might {unknown}
 k - 2 potions of resistance {unknown}


   Skills:
 + Level 2.3 Fighting
 * Level 3.2 Polearms
 + Level 2.1 Throwing
 + Level 2.9 Dodging


You had 2 spell levels left.
You didn't know any spells.
Your spell library contained the following spells:

 Spells                   Type           Power      Damage    Failure   Level
 Apportation              Tloc           0%         N/A       45%         1
 Summon Small Mammal      Summ           0%         N/A       45%         1
 Call Canine Familiar     Summ           0%         N/A       83%         3
 Summon Guardian Golem    Hex/Summ       0%         N/A       83%         3
 Alistair's Intoxication  Tmut/Pois      0%         N/A       100%        5


Dungeon Overview and Level Annotations

Branches:
Dungeon (2/15)

Altars:


Innate Abilities, Weirdness & Mutations

You have a pair of antennae on your head.


Message History

No target in view!
No target in view!
No target in view!
No target in view!
A hobgoblin comes into view.
A hobgoblin is nearby!
You closely miss the hobgoblin. The hobgoblin closely misses you.
You closely miss the hobgoblin. The hobgoblin hits you.
You completely miss the hobgoblin. The hobgoblin misses you.
You hit the hobgoblin.
The hobgoblin is almost dead.
The hobgoblin completely misses you.
You hit the hobgoblin.
You kill the hobgoblin!
No target in view!
No target in view!
No target in view!
No target in view!
Found a stone staircase leading down.
You pick up a book of Party Tricks and begin reading...
You add the spells Apportation and Alistair's Intoxication to your library.
Found a stone staircase leading down.
A spectral goblin comes into view.
Found a faded altar of an unknown god.
A spectral goblin is nearby!
Found a scroll labelled KAYPRUO XODI.
You reach to attack!
You hit the spectral goblin.
You destroy the spectral goblin!
You have reached level 3!
Your experience leads to an increase in your attributes!
Increase (S)trength, (I)ntelligence, or (D)exterity?
You feel agile. x2; Your demonic ancestry asserts itself...
The antennae on your head grow some more.
You don't know any spells.
Okay, then.
Saving game... please wait.
Welcome back, Irreverend the Demonspawn Gladiator.
Press ? for a list of commands and other information.
Unknown command.
Are you sure you want to abandon this character and quit the game? (Confirm with "yes".)

#......... #.
#####......#.# ..
..........#.# #.
#.#.....##.# # #.
#..........# ..
#.####.#.....#..#
#.#.##>....#.#...##..###
~?.~..~...###...###....#
+++#~.@#..#.#### #.##.#
.~~~.#~~#.#.## #.##.#
~~~~~~#~#.#.#### #.##.#
.~.~~~#~..#.##.## #.##.#
..... ~~#.....#.###.##>#
~._~~ ~~#.#..###.##.##.#
##~# #~8~~#.## ##...##.#
~.~~####.##.###..####.#
~~~...~.#.#.#.#†#


There were no monsters in sight!

Vanquished Creatures
  A dart slug (D:1)
  3 endoplasms (D:1)
  A goblin (D:1)
  2 hobgoblins
  3 quokkas (D:1)
  3 ball pythons (D:1)
  4 bats
  3 frilled lizards (D:1)
  2 kobolds (D:1)
  2 rats (D:1)
  A spectral goblin (D:2)
25 creatures vanquished.

Notes
Turn   | Place    | Note
-------+----------+-------------------------------------------
     0 | D:1      | Irreverend the Demonspawn Gladiator began the quest for the
                  | Orb.
     0 | D:1      | Reached XP level 1. HP: 16/16 MP: 1/1
   183 | D:1      | Gained mutation: You have a pair of small antennae on your
                  | head. [demonic ancestry]
   183 | D:1      | Reached XP level 2. HP: 22/22 MP: 2/2
   187 | D:1      | Reached skill level 3 in Polearms
   813 | D:2      | Found a faded altar of an unknown god.
   817 | D:2      | Gained mutation: You have a pair of antennae on your head.
                  | [demonic ancestry]
   817 | D:2      | Reached XP level 3. HP: 28/28 MP: 3/3
   817 | D:2      | Quit the game

Illustrated notes

Levels and vault maps discovered:
D:1:      eino_arrival_water_cross, layout_basic, minmay_domino_2
D:2:      layout_loops_ring, dreamdust_ecumenical_altar_drowned_temple,
          lexackson_kobold_supper

Skill      XL: |  1  2 |
---------------+-------+-----
Polearms       | 3 |  3.2
Throwing       | 2 |  2.1
Fighting       | |  2.3
Dodging        | |  2.9

Action                     || total
---------------------------++-------
  Melee: Trident           ||    88
   Stab: Sleeping          ||     3
 Armour: Leather armour    ||    19
  Dodge: Dodged            ||    49

Table legend: (Time is in decaauts)
 A = Elapsed time spent in this place.
 B = Non-inter-level travel time spent in this place.
 C = Inter-level travel time spent in this place.
 D = Time resting spent in this place.
 E = Time spent auto-exploring this place.
 F = Levels seen in this place.
 G = Mean time per level.
                   A        B        C        D        E       F      G
               +--------+--------+--------+--------+--------+-----+--------+
         Total |    830 |    822 |      8 |      0 |    643 |   2 |  415.0 |
       Dungeon |    830 |    822 |      8 |      0 |    643 |   2 |  415.0 |
               +--------+--------+--------+--------+--------+-----+--------+

Top non-repeatable levels by time:
     D:1: 762 daAuts
     D:2: 67 daAuts
